 Dungeon Crawl Stone Soup version 0.29.1-2-gbd0b4ee654 (webtiles) character file.

Game seed: 11032627089345116157

72 boopmooplesden the Twirler (level 4, -3/37 HPs)
             Began as a Minotaur Gladiator on Nov 21, 2022.
             Killed by divine providence
             ... invoked by an orc priest
              (9 damage)
             ... on level 2 of the Dungeon.
             The game lasted 00:02:37 (1472 turns).

boopmooplesden the Twirler (Minotaur Gladiator)     Turns: 1472, Time: 00:02:38

Health: -3/37      AC:  3    Str: 20    XL:     4   Next: 7%
Magic:  3/3        EV: 12    Int:  5    God:
Gold:   76         SH:  0    Dex: 12    Spells: 3/3 levels left

rFire   . . .      SeeInvis .   a - +0 quarterstaff
rCold   . . .      Faith    .   (shield currently unavailable)
rNeg    . . .      Spirit   .   b - +0 leather armour
rPois   .          Reflect  .   c - +0 hat
rElec   .          Harm     .   (no cloak)
rCorr   .          Rampage  .   (no gloves)
Will    .....                   (no boots)
Stlth   +.........              f - amulet of regeneration
HPRegen 0.92/turn               (no ring)
MPRegen 0.08/turn               (no ring)

@: no status effects
A: horns 2, retaliatory headbutt
a: no special abilities


You were on level 2 of the Dungeon.
You visited 1 branch of the dungeon, and saw 2 of its levels.

You collected 76 gold pieces.

Inventory:

Hand Weapons
 a - a +0 quarterstaff (weapon)
Missiles
 d - a throwing net (quivered)
 e - a javelin
Armour
 b - a +0 leather armour (worn)
 c - a +0 hat (worn)
 g - a +0 kite shield
 h - a +0 ring mail
Jewellery
 f - an amulet of regeneration (around neck)
Scrolls
 i - a scroll of enchant weapon {unknown}
 j - a scroll of poison {unknown}


   Skills:
 + Level 2.9 Fighting
 + Level 4.4 Staves
 + Level 2.0 Throwing
 + Level 1.2 Armour
 + Level 4.0 Dodging
 + Level 1.3 Stealth


You had 3 spell levels left.
You didn't know any spells.
Your spell library was empty.

Dungeon Overview and Level Annotations

Branches:
Dungeon (2/15)

Altars:


Innate Abilities, Weirdness & Mutations

You have a pair of horns on your head.
You reflexively headbutt those who attack you in melee.


Message History

You hit the orc priest.
You kill the orc priest!
The orc priest invokes the aid of Beogh against you.
You barely resist.
The orc priest struggles against the net.
Your Armour skill increases to level 1!
Your Stealth skill increases to level 1!
You have reached level 4!
You feel agile.
Throw: 2 throwing nets
Press: ? - help, Q - select action, (/) - cycle Shift-Dir - straight line, f - orc priest, p - orc priest
Aim: an orc priest, wielding a +0 hand axe and wearing a +0 scale mail (63% to hit)
You throw a throwing net. The throwing net hits the orc priest.
The orc priest is caught in the net!
The orc priest invokes the aid of Beogh against you.
Pain shoots through your body!
The orc priest struggles against the net. x2
The net rips apart, and the orc priest comes free!
You hit the orc priest but do no damage.
The orc priest hits you with a +0 mace.
You hit the orc priest.
The orc priest is lightly wounded.
The orc priest struggles against the net.
The orc priest hits you with a +0 mace!
You barely miss the orc priest.
The orc priest is lightly wounded.
The orc priest struggles against the net.
The orc priest calls down the wrath of Beogh upon you.
Pain shoots through your body!
* * * LOW HITPOINT WARNING * * *
The orc priest struggles against the net.
The orc priest hits you with a +0 mace.
* * * LOW HITPOINT WARNING * * *
You hit the orc priest.
The orc priest is heavily wounded.
The orc priest struggles against the net.
The net rips apart, and the orc priest comes free!
The orc priest invokes the aid of Beogh against you.
Beogh smites you!
You die...

. g..####### ### (.....†...
### #.. ...###..## ##.# #.#
.# #..# ##.#.##g# .# #..#
##.###.#o##.# #..# #.##
##@..#.# #.####.o##
##.###.#).#.# #......o.#
##.#o##.<#.########....
##.###....o........g.. #.#
###..########.... #.# #..#
##.## #########.#
#..#########[#
#.........#####.....o.o....#
#.##########....############


You could see 2 orc priests and a hobgoblin.

Vanquished Creatures
  An orc priest (D:2)
  A worm (D:2)
  An orc (D:1)
  5 endoplasms
  4 giant cockroaches
  A goblin (D:2)
  7 hobgoblins
  2 quokkas (D:2)
  3 ball pythons (D:1)
  6 bats
  A frilled lizard (D:1)
  2 kobolds (D:2)
  3 rats (D:1)
37 creatures vanquished.

Notes
Turn   | Place    | Note
-------+----------+-------------------------------------------
     0 | D:1      | boopmooplesden the Minotaur Gladiator began the quest for
                  | the Orb.
     0 | D:1      | Reached XP level 1. HP: 18/18 MP: 0/0
   490 | D:1      | Reached XP level 2. HP: 25/25 MP: 1/1
   799 | D:1      | Found a faded altar of an unknown god.
  1272 | D:2      | Reached XP level 3. HP: 30/30 MP: 2/2
  1461 | D:2      | Identified the +10 chain mail "Kuomuy" {Int+2 Dex+2 Slay+2}
  1468 | D:2      | Reached skill level 1 in Armour
  1468 | D:2      | Reached skill level 1 in Stealth
  1468 | D:2      | Reached XP level 4. HP: 34/37 MP: 3/3
  1472 | D:2      | Killed from afar by an orc priest

Illustrated notes

Levels and vault maps discovered:
D:1:      grunt_arrival_crossed_arrows, layout_basic,
          ebering_ecumenical_altar_box
D:2:      layout_loops_ring

Skill      XL: |  1  2  3 |
---------------+----------+-----
Staves         | 4 |  4.4
Dodging        | 4 |  4.0
Armour         | 1 |  1.2
Stealth        | 1 |  1.3
Fighting       | |  2.9
Throwing       | |  2.0

Action                   |  1- 3 |  4- 6 || total
-------------------------+-------+-------++-------
Melee: Quarterstaff      |    73 |     4 ||    77
       Headbutt          |     7 |       ||     7
Throw: Throwing net      |     1 |     1 ||     2
  Use: Scroll            |     3 |       ||     3
       Potion            |     1 |       ||     1
 Stab: Sleeping          |     1 |       ||     1
Armor: Leather armour    |    24 |       ||    24
Dodge: Dodged            |    70 |       ||    70
